 Dungeon Sprint DCSS version 0.31.0-11-ge490571c62 (webtiles) character file.

Game seed: 15006336232243950801

1516 boopmooplesden the Protected (level 8, -2/111 HPs)
             Began as an Armataur Fighter on Feb 1, 2024.
             Was a High Priest of Trog.
             Succumbed to a cane toad's poison
             ... in the Dungeon (Sprint VII: "The Pits").
             The game lasted 00:02:09 (1312 turns).

boopmooplesden the Protected (Armataur Fighter)     Turns: 1312, Time: 00:02:09

Health: -2/111     AC: 11    Str: 23    XL:     8   Next: 54%
Magic:  8/8        EV:  6    Int:  9    God:    Trog [*****.]
Gold:   0          SH:  0    Dex: 10    Spells: 7/7 levels left

rFire   . . .        s - +3 great sword (heavy)
rCold   . . .        (shield currently unavailable)
rNeg    . . .        x - +3 plate armour
rPois   .            (no helmet)
rElec   .            z - +0 cloak
rCorr   .            y - +0 pair of gloves
SInv    .            (no barding)
Will    .....        (no amulet) Stlth
                     (no ring)
HPRegen 0.38/turn    (no ring)
MPRegen 0.11/turn

%: no teleportation, roll
@: berserking, lethally poisoned (-2 -> -29), corroded, very quick
A: large, deformed body, tough skin 3, armoured tail, roll 2
a: Renounce Religion, Berserk, Trog's Hand, Brothers in Arms


You were in the Dungeon.
You worshipped Trog.
Trog was extremely pleased with you.
You visited 1 branch

Inventory:

Hand Weapons
 a - a +0 long sword
 k - a +2 falchion
 r - a +1 long sword of flaming
 s - a +3 heavy great sword (weapon)
 w - a +2 scimitar of holy wrath
Armour
 b - a +0 scale mail
 c - a +0 buckler
 p - a +0 cloak
 q - a +2 plate armour
 x - a +3 plate armour (worn)
 y - a +0 pair of gloves (worn)
 z - a +0 cloak (worn)
Jewellery
 t - a +3 ring of dexterity
 u - a +3 ring of strength
Scrolls
 j - a scroll of blinking
 m - 2 scrolls of vulnerability
 n - 5 scrolls of amnesia
 o - a scroll of butterflies
Potions
 d - 2 potions of might
 e - 11 potions of curing
 f - 8 potions of heal wounds
 g - a potion of haste
 h - 4 potions of magic
 i - 3 potions of berserk rage
 l - 2 potions of invisibility
 v - 2 potions of mutation


   Skills:
 + Level 8.2 Fighting
 + Level 10.8 Long Blades
 + Level 11.9 Armour
 + Level 3.6 Dodging
 + Level 0.8 Stealth
 + Level 8.4 Shields


You had 7 spell levels left.
You didn't know any spells.
Your spell library was empty.

Dungeon Overview and Level Annotations

Branches:
Dungeon (1/1)

Altars:
Cheibriados
Dithmenos
Elyvilon
Fedhas
Gozag
Hepliaklqana
Makhleb
Nemelex Xobeh
Okawaru
Qazlal
Ru
Sif Muna
Trog
Vehumet
Wu Jian
Xom
Yredelemnul
Zin
The Shining One
Jiyva
Lugonu


Innate Abilities, Weirdness & Mutations

Armour fits poorly on your strangely shaped body.
You have extremely tough skin. (AC +3)
You have a long armoured tail.
You regenerate magic and health when rolling toward enemies. (Rampage Regen)


Message History

There is an open door to the Storerooms (Easy) here.
You open the huge gate.
There is a huge open gate to the Metal Vault (Medium) here.
There is a huge open gate to the Metal Vault (Medium) here.
You open the large door.
An ice beast, a cane toad and an acid dragon come into view.
The cane toad croaks.
The acid dragon roars!
The acid dragon spits acid at you. The splash of acid hits you!
The acid corrodes you!
You roll towards the ice beast!
You hit the ice beast but do no damage. The ice beast hits you.
The ice beast freezes you! The cane toad stings you!
The ice beast hits you but does no damage.
You carve the ice beast like a ham!!!
You kill the ice beast!
Trog accepts your kill. The cane toad closely misses you.
The cane toad completely misses you.
A red film seems to cover your vision as you go berserk!
You feel yourself moving faster!
You feel mighty!
The cane toad stings you but does no damage.
The acid dragon spits acid at you. The splash of acid hits you!
The acid corrodes you! The cane toad stings you!
* * * LOW HITPOINT WARNING * * *
You closely miss the acid dragon. The acid dragon barely misses you.
The acid dragon closely misses you. The cane toad stings you!
* * * LOW HITPOINT WARNING * * *
You are poisoned.
The cane toad poisons you!
You closely miss the acid dragon.
Your tail-slap misses the acid dragon.
* * * LOW HITPOINT WARNING * * *
You feel very sick.
The cane toad stings you but does no damage.
The acid dragon closely misses you.
The acid dragon claws you but does no damage.
The cane toad stings you!
* * * LOW HITPOINT WARNING * * *
You are more poisoned.
The cane toad poisons you!
You slice the cane toad!!
The cane toad is severely wounded.
You die...

...'................+
####......#..#......#
..##................#
..#####'#####''######
'###.......##''#####
..##.......##......#
..##.......##......#
####...<...###....##
[.##.......# ##'@##
..##.......# #.FD.#
####.......##......#
..###########......+
.############......#
.#....#....###....##
)#....#..[.# ##++##
.'....'..))#
'#....#..).#


You could see a cane toad and an acid dragon (catching breath).

Vanquished Creatures
  Erolcha (D)
  A tyrant leech (D)
  A wraith (D)
  A sky beast (D)
  An ice beast (D)
  A gnoll sergeant (D)
  3 scorpions (D)
  A quasit (D)
  An orc priest (D)
  Crazy Yiuf (D)
  A jelly (D)
  2 river rats (D)
  2 orcs (D)
  2 bats (D)
  2 endoplasms (D)
  A goblin (D)
  3 jackals (D)
  2 quokkas (D)
  A kobold (D)
28 creatures vanquished.

Notes
Turn   | Place    | Note
-------+----------+-------------------------------------------
     0 | D        | boopmooplesden the Armataur Fighter began the quest for the
                  | Orb.
     0 | D        | Reached XP level 1. HP: 18/18 MP: 1/1
    42 | D        | Found a bloodstained altar of Trog.
    42 | D        | Found a shimmering blue altar of Sif Muna.
    42 | D        | Found a viscous altar of Jiyva.
    42 | D        | Found a hazy altar of Hepliaklqana.
    42 | D        | Found an opulent altar of Gozag.
    43 | D        | Found a glowing golden altar of the Shining One.
    43 | D        | Found a glowing silver altar of Zin.
    43 | D        | Found a basalt altar of Yredelemnul.
    43 | D        | Found a shimmering altar of Xom.
    43 | D        | Found an ornate altar of the Wu Jian Council.
    43 | D        | Found a sacrificial altar of Ru.
    43 | D        | Found a stormy altar of Qazlal.
    43 | D        | Found an iron altar of Okawaru.
    43 | D        | Found a sparkling altar of Nemelex Xobeh.
    43 | D        | Found a burning altar of Makhleb.
    43 | D        | Found a blossoming altar of Fedhas.
    43 | D        | Found a white marble altar of Elyvilon.
    43 | D        | Found a shadowy altar of Dithmenos.
    43 | D        | Found a snail-covered altar of Cheibriados.
    45 | D        | Found a corrupted altar of Lugonu.
    45 | D        | Found a radiant altar of Vehumet.
    46 | D        | Became a worshipper of Trog the Wrathful
    58 | D        | Reached skill level 4 in Armour
    75 | D        | Reached XP level 2. HP: 20/26 MP: 2/2
    76 | D        | Reached * piety under Trog
    82 | D        | Noticed a scorpion
    91 | D        | Killed a scorpion
    92 | D        | Reached skill level 6 in Armour
    92 | D        | Reached skill level 5 in Shields
    92 | D        | Reached XP level 3. HP: 15/34 MP: 3/3
    92 | D        | Reached XP level 4. HP: 18/41 MP: 4/4
   213 | D        | Noticed Crazy Yiuf
   213 | D        | Noticed a scorpion
   218 | D        | Reached ** piety under Trog
   221 | D        | Killed a scorpion
   222 | D        | Reached skill level 5 in Fighting
   222 | D        | Reached skill level 7 in Armour
   228 | D        | Killed Crazy Yiuf
   229 | D        | Reached XP level 5. HP: 29/50 MP: 5/5
   232 | D        | Reached *** piety under Trog
   233 | D        | Reached skill level 1 in Dodging
   477 | D        | Reached skill level 5 in Long Blades
   477 | D        | Reached skill level 8 in Armour
   487 | D        | Reached **** piety under Trog
   488 | D        | Reached XP level 6. HP: 53/58 MP: 6/6
   567 | D        | Noticed a tyrant leech
   586 | D        | Killed a tyrant leech
   586 | D        | Reached ***** piety under Trog
   587 | D        | Reached skill level 9 in Armour
   587 | D        | Gained mutation: You regenerate magic and health when
                  | rolling toward enemies. (Rampage Regen) [Armataur growth]
   587 | D        | Reached XP level 7. HP: 11/66 MP: 7/7
   855 | D        | Received a gift from Trog
   878 | D        | Reached skill level 10 in Armour
  1045 | D        | Noticed a wraith
  1045 | D        | Noticed Erolcha
  1052 | D        | Killed Erolcha
  1053 | D        | Reached skill level 10 in Long Blades
  1053 | D        | Reached skill level 11 in Armour
  1053 | D        | Reached XP level 8. HP: 63/74 MP: 8/8
  1306 | D        | Noticed a cane toad
  1311 | D        | HP: 4/111 [cane toad (8)]
  1312 | D        | Succumbed to a cane toad's poison

Illustrated notes

Levels and vault maps discovered:
D:        pitsprint [storerooms_1, entrance_room_1, metal_vault_2, armoury_2,
          mini_pit_1, grid_room_1, main_hall_1, silver_pit, the_coven_1,
          the_vestibule_1, steel_vault_1, golden_pit, hallway_of_sentries,
          crystal_vault_3, iron_vault_4, final_vault]

Skill      XL: |  1  2  3  4  5  6  7  8 |
---------------+-------------------------+-----
Fighting       | 3 4 5 6 7 8 |  8.2
Armour         | 4 6 7 8 9 11 | 11.9
Long Blades    | 2 3 4 5 7 10 | 10.8
Shields        | 4 5 6 7 8 |  8.4
Dodging        | 1 2 3 |  3.6
Stealth        | |  0.8

Action                     |  1- 3 |  4- 6 |  7- 9 || total
---------------------------+-------+-------+-------++-------
  Melee: Falchion          |    18 |    19 |       ||    37
         Long sword        |     5 |    39 |    24 ||    68
         Tailslap          |     4 |     8 |     3 ||    15
         Great sword       |       |       |    14 ||    14
 Invoke: Berserk           |     1 |     2 |     2 ||     5
 Armour: Scale mail        |    19 |    33 |       ||    52
         Plate armour      |       |    35 |    34 ||    69
  Dodge: Dodged            |     6 |    26 |     8 ||    40
  Block: Buckler           |     4 |    10 |     4 ||    18
